 Dungeon Crawl Stone Soup version 0.32-a0-43-g058985b245 (webtiles) character file.

Game seed: 2545757558354028071

4 Atlas the Firebug (level 1, -2/13 HPs)
             Began as a Demonspawn Fire Elementalist on Feb 4, 2024.
             Slain by a rat (3 damage)
             ... on level 1 of the Dungeon.
             The game lasted 00:00:14 (100 turns).

Atlas the Firebug (Demonspawn Fire Elementalist)     Turns: 100, Time: 00:00:15

Health: -2/13      AC:  2    Str:  8    XL:     1   Next: 50%
Magic:  0/3        EV: 12    Int: 15    God:
Gold:   0          SH:  0    Dex: 13    Spells: 3/4 levels left

rFire   . . .        (no weapon)
rCold   . . .        (no shield)
rNeg    . . .        a - +0 robe
rPois   .            (no helmet)
rElec   .            (no cloak)
rCorr   .            (no gloves)
SInv    .            (no boots)
Will    .....        (no amulet)
Stlth   ++           (no ring)
HPRegen 0.22/turn    (no ring)
MPRegen 0.08/turn

%: no passive effects
@: very slightly contaminated
A: no striking features
a: no special abilities


You were on level 1 of the Dungeon.
You visited 1 branch of the dungeon, and saw 1 of its levels.

Inventory:

Armour
 a - a +0 robe (worn)
Potions
 b - a potion of magic
 c - a potion of mutation {unknown}


   Skills:
 + Level 1.7 Dodging
 + Level 1.7 Stealth
 + Level 2.2 Spellcasting
 + Level 1.0 Conjurations
 + Level 2.7 Fire Magic


You had 3 spell levels left.
You knew the following spells:

 Your Spells              Type           Power      Damage    Failure   Level
a - Foxfire               Conj/Fire      28%        2x1d5     10%         1

Your spell library contained the following spells:

 Spells                   Type           Power      Damage    Failure   Level
 Scorch                   Fire           18%        2d5       11%         2
 Inner Flame              Hex/Fire       5%         N/A       36%         3
 Volatile Blastmotes      Fire/Tloc      10%        2d10      36%         3
 Flame Wave               Conj/Fire      7%         2d5       69%         4


Dungeon Overview and Level Annotations

Branches:
Dungeon (1/15)

Altars:


Message History

You hit the quokka but do no damage.
The quokka is heavily wounded.
The rat bites you but does no damage. The quokka barely misses you.
You hit the quokka but do no damage.
The quokka is heavily wounded.
The quokka barely misses you. The rat closely misses you.
You hit the quokka.
The quokka is severely wounded.
The quokka bites you. The rat bites you but does no damage.
You are too injured to fight recklessly!
You are too injured to fight recklessly!
You are too injured to fight recklessly!
You are too injured to fight recklessly!
You are too injured to fight recklessly!
Casting: Foxfire (safe; 10% risk of failure)
Confirm with . or Enter, or press ? or * to list all spells.
You miscast Foxfire.
You are very lightly contaminated with residual magic.
Nothing appears to happen.
The quokka closely misses you. The rat bites you but does no damage.
The quokka closely misses you.
You barely miss the quokka.
The quokka is severely wounded.
The rat barely misses you. The quokka closely misses you.
You miss the quokka.
The quokka is severely wounded.
The rat misses you. The quokka bites you.
You miss the quokka.
The quokka is severely wounded.
The quokka bites you.
* * * LOW HITPOINT WARNING * * *
The rat misses you.
You hit the quokka.
The quokka is almost dead.
The quokka bites you but does no damage.
The rat bites you.
* * * LOW HITPOINT WARNING * * *
You hit the quokka.
You kill the quokka!
The rat bites you.
You die...

#.#.#########.#.#........
.#.#........#.#.#........
#.#.#.......#.#.#........
.#.#........#.#.#........
#<#.#...........'......>.
.#.#+.......#####........
#.#.#.......+............
.# #........####.........
............# #@..†.....
...##.......# #r†.......
##. #.......# #.........
# .........# #.######+#
.........## #.#
#.........# #.#
#.........# #.# ...###
#.# ......##.# .


You could see a rat.

Vanquished Creatures
  A ball python (D:1)
  2 bats (D:1)
  A quokka (D:1)
  A rat (D:1)
5 creatures vanquished.

Vanquished Creatures (others)
  9 foxfires (D:1)
9 creatures vanquished.

Grand Total: 14 creatures vanquished

Notes
Turn   | Place    | Note
-------+----------+-------------------------------------------
     0 | D:1      | Atlas the Demonspawn Fire Elementalist began the quest for
                  | the Orb.
     0 | D:1      | Reached XP level 1. HP: 13/13 MP: 3/3
   100 | D:1      | Slain by a rat

Illustrated notes

Levels and vault maps discovered:
D:1:      lightli_arrival_chessboard, layout_basic, minmay_heptomino_o4

Action                     || total
---------------------------++-------
  Melee: Unarmed           ||    14
   Cast: Foxfire           ||     6
 Armour: Robe              ||    17
  Dodge: Dodged            ||    23

Table legend: (Time is in decaauts)
 A = Elapsed time spent in this place.
 B = Non-inter-level travel time spent in this place.
 C = Inter-level travel time spent in this place.
 D = Time resting spent in this place.
 E = Time spent auto-exploring this place.
 F = Levels seen in this place.
 G = Mean time per level.
                   A        B        C        D        E       F      G
               +--------+--------+--------+--------+--------+-----+--------+
         Total |    100 |    100 |      0 |      0 |     58 |   1 |  100.0 |
       Dungeon |    100 |    100 |      0 |      0 |     58 |   1 |  100.0 |
               +--------+--------+--------+--------+--------+-----+--------+

Top non-repeatable levels by time:
     D:1: 100 daAuts
